 Dungeon Crawl Stone Soup version 0.25-a0-697-g890751e744 (webtiles) character file.

Game seed: 9961082146920861985, levelgen mode: deterministic

245762 ReteAZ the Slayer (level 19, -5/172 HPs)
             Began as a Merfolk Gladiator on Mar 31, 2020.
             Was the Champion of Ashenzari.
             Killed from afar by an Ice Fiend (20 damage)
             ... with a bolt of cold
             ... summoned by a deep elf demonologist
             ... on level 3 of the Elven Halls on Apr 1, 2020.
             The game lasted 01:53:39 (37210 turns).

ReteAZ the Slayer (Merfolk Gladiator)              Turns: 37210, Time: 01:53:39

Health: -5/172     AC: 15    Str: 19    XL:     19   Next: 48%
Magic:  42/42      EV: 30    Int: 12    God:    Ashenzari [******]
Gold:   2797       SH:  4    Dex: 19    Spells: 18/18 levels left

rFire    + + +     SeeInvis +   O - +3 halberd (flame) (curse)
rCold    + . .     Gourm    .   (shield currently unavailable)
rNeg     + . .     Faith    .   h - +5 ring mail {rF+} (curse)
rPois    +         Spirit   .   N - +3 hat of Pondering {ponderous, MR+ MP+10 Int+5} (curse)
rElec    +         Reflect  +   G - +0 cloak "Mohullul" {rF+ rC+ Regen+} (curse)
rCorr    .         Harm     .   a - +0 pair of gloves "Syemnug" {rPois} (curse)
MR       +++..     Clarity  +   p - +0 pair of boots "Pupuz" {rF+ MR+ Str+5 Dex-4} (curse)
Stlth    +.........             k - +4 amulet of reflection (curse)
HPRegen  0.78/turn              j - ring of Xauph {rElec rN+ MP+9 Str-3 Dex+2}
MPRegen  0.28/turn              H - +3 ring of protection

@: about to teleport, corroded, very slightly contaminated, slow
A: change form in water, swift swim, stealthy swim
}: 2/15 runes: decaying, serpentine
a: Curse Item, Scrying, Transfer Knowledge, Renounce Religion


You were on level 3 of the Elven Halls.
You worshipped Ashenzari.
Ashenzari was exalted by your worship.
You were hungry.

You visited 7 branches of the dungeon, and saw 32 of its levels.
You also visited: Sewer, Gauntlet and Volcano.

You collected 3143 gold pieces.
You spent 346 gold pieces at shops.

Inventory:

Hand Weapons
 q - a +2 spear of freezing
 O - a cursed +3 halberd of flaming (weapon)
Missiles
 d - 2 throwing nets
 s - 111 poisoned darts
 C - 5 silver javelins
 V - 27 javelins (quivered)
 W - 7 curare-tipped darts
Armour
 a - the cursed +0 pair of gloves "Syemnug" (worn) {rPois}
   (You found it in a volcano)

   It protects you from poison.
   It has a curse placed upon it.
 h - a cursed +5 ring mail of fire resistance (worn)
 p - the cursed +0 pair of boots "Pupuz" (worn) {rF+ MR+ Str+5 Dex-4}
   (You found it on level 12 of the Dungeon)

   It affects your strength (+5).
   It affects your dexterity (-4).
   It protects you from fire.
   It affects your resistance to hostile enchantments.
   It has a curse placed upon it.
 G - the cursed +0 cloak "Mohullul" (worn) {rF+ rC+ Regen+}
   (You found it on level 6 of the Dungeon)

   It protects you from fire.
   It protects you from cold.
   It increases your rate of regeneration.
   It has a curse placed upon it.
 N - the cursed +3 hat of Pondering (worn) {ponderous, MR+ MP+10 Int+5}
   (You took it off Gastronok on level 8 of the Dungeon)

   It affects your intelligence (+5).
   It affects your resistance to hostile enchantments.
   It affects your magic capacity (+10).
   It has a curse placed upon it.
Jewellery
 b - an uncursed ring of protection from cold
 e - an uncursed ring of resist corrosion
 j - the ring of Xauph (left hand) {rElec rN+ MP+9 Str-3 Dex+2}
   (You took it off a minotaur in a Gauntlet)

   [ring of positive energy]

   It affects your strength (-3).
   It affects your dexterity (+2).
   It insulates you from electricity.
   It protects you from negative energy.
   It affects your magic capacity (+9).
 k - a cursed +4 amulet of reflection (around neck)
 H - a +3 ring of protection (right hand)
 I - an uncursed ring of protection from fire
Wands
 g - a wand of acid (4)
 n - a wand of random effects (18)
 t - a wand of flame (33)
 w - a wand of enslavement (37)
 K - a wand of iceblast (15)
 Q - a wand of polymorph (16)
 S - a wand of digging (10)
 T - a wand of disintegration (24)
Scrolls
 i - 10 scrolls of magic mapping
 l - 17 scrolls of identify
 m - 15 scrolls of teleportation
 u - 3 scrolls of enchant weapon
 y - 2 scrolls of holy word
 z - 13 scrolls of remove curse
 L - 6 scrolls of fear
 P - 2 scrolls of enchant armour
 U - a scroll of silence
 Z - a scroll of brand weapon
Potions
 c - 2 potions of haste
 o - 8 potions of invisibility
 v - 3 potions of heal wounds
 x - 9 potions of flight
 A - 6 potions of might
 B - 4 potions of resistance
 E - 6 potions of curing
 F - 6 potions of cancellation
 J - 4 potions of mutation
 M - 2 potions of stabbing
 X - 3 potions of lignification
 Y - 4 potions of berserk rage
Comestibles
 f - 45 rations
 D - 7 chunks of flesh


   Skills:
 + Level 21.0 Fighting
 + Level 15.5(20.7) Polearms
 - Level 16.0 Throwing
 - Level 7.0(11.5) Armour
 - Level 19.5(23.1) Dodging
   Level 6.5 Shields
 - Level 6.0 Evocations


You had 18 spell levels left.
You didn't know any spells.
Your spell library contained the following spells:

 Spells                   Type           Power        Failure   Level  Hunger
 Animate Skeleton         Necr           N/A          45%         1    ##.....
 Apportation              Tloc           #.....       45%         1    ##.....
 Beastly Appendage        Tmut           #.....       45%         1    ##.....
 Corona                   Hex            #......      45%         1    ##.....
 Foxfire                  Conj/Fire      #...         45%         1    ##.....
 Magic Dart               Conj           #...         45%         1    ##.....
 Sting                    Tmut/Pois      #...         45%         1    ##.....
 Summon Small Mammal      Summ           #...         45%         1    ##.....
 Blink                    Tloc           N/A          58%         2    ###....
 Call Imp                 Summ           #.......     58%         2    ###....
 Ensorcelled Hibernation  Hex/Ice        #.....       58%         2    ###....
 Poisonous Vapours        Pois/Air       #.....       58%         2    ###....
 Searing Ray              Conj           #.....       58%         2    ###....
 Slow                     Hex            #.......     58%         2    ###....
 Sticks to Snakes         Tmut           #.......     58%         2    ###....
 Confusing Touch          Hex            #.......     83%         3    ####...
 Conjure Flame            Conj/Fire      #.......     83%         3    ####...
 Dazzling Flash           Conj/Hex       #.....       83%         3    ####...
 Ignite Poison            Fire/Tmut/Pois #.......     83%         3    ####...
 Inner Flame              Hex/Fire       #.......     83%         3    ####...
 Mephitic Cloud           Conj/Pois/Air  #.......     83%         3    ####...
 Spider Form              Tmut/Pois      #.........   83%         3    ####...
 Tukima's Dance           Hex            #.......     83%         3    ####...
 Fulminant Prism          Conj/Hex       #.........   99%         4    #####..
 Ice Form                 Ice/Tmut       #.......     99%         4    #####..
 Iskenderun's Mystic Bla  Conj/Tloc      #.......     99%         4    #####..
 Leda's Liquefaction      Hex/Erth       #.........   99%         4    #####..
 Olgreb's Toxic Radiance  Pois           #.......     99%         4    #####..
 Sticky Flame             Conj/Fire      #.......     99%         4    #####..
 Blade Hands              Tmut           #.........   100%        5    ######.
 Bolt of Magma            Conj/Fire/Erth #.........   100%        5    ######.
 Fireball                 Conj/Fire      #.........   100%        5    ######.
 Freezing Cloud           Conj/Ice/Air   #.........   100%        6    #######
 Iron Shot                Conj/Erth      #.........   100%        6    #######
 Statue Form              Tmut/Erth      #........    100%        6    #######
 Ring of Flames           Chrm/Fire      #.........   100%        7    #######
 Shatter                  Erth           #.........   100%        9    #######


Dungeon Overview and Level Annotations

Branches:
Dungeon (12/15)            Temple (1/1) D:5            Lair (6/6) D:11
  Swamp (4/4) Lair:2        Snake (4/4) Lair:3        Slime (0/5) Lair:5
    Orc (2/2) D:11            Elf (3/3) Orc:2         Sewer (visited)
Volcano (visited)         Gauntlet (visited)

Altars:
Ashenzari
Cheibriados
Dithmenos
Elyvilon
Fedhas
Gozag
Hepliaklqana
Kikubaaqudgha
Makhleb
Nemelex Xobeh
Okawaru
Qazlal
Ru
Sif Muna
Trog
Uskayaw
Vehumet
Wu Jian
Xom
Yredelemnul
Zin
The Shining One
Beogh

Shops:
D:5 *   Orc:2 !%?[   Elf:2 =   Snake:3 (

Annotations:
D:2 exclusion: oklob plant
D:3 2 transporters, Duffy's ghost, weakling NaGl
D:7 2 runed translucent doors, Crazy Yiuf
D:10 exclusion: oklob plant
Lair:5 exclusion: oklob plant


Message History

A deep elf demonologist comes into view.
It is wielding a +0 rapier.
The deep elf demonologist shouts!
A deep elf elementalist comes into view.
It is wielding a +0 rapier.
The deep elf elementalist shouts!
The deep elf demonologist starts to cry.
The deep elf demonologist points at you and mumbles some strange words.
You resist with almost no effort.
As you read the scroll of fog, it crumbles to dust.
The scroll dissolves into smoke.
The Hell Sentinel gestures at you.
The sphere of damnation explodes!
The damnation engulfs you!!
* * * LOW HITPOINT WARNING * * *
The Ice Fiend gestures at you. The bolt of cold misses you.
You hear a shout! x4
As you read the scroll of teleportation, it crumbles to dust.
You feel strangely unstable. The Ice Fiend gestures at you.
The bolt of cold hits you!! You resist.
You die...

#.####. ###.### ###{###*#
##.....## ##.)...##
*##.......######.......##
*...........##...).......
, .........##...........
* ,.§§§.§.##........{{e
*, #§§§..##.........{. *
,, #§@§..##........{).
*.....§§§§..##...........
*.....§e§e§..###..2.)..##
##............##...).##.
##.........1..###e###..
###.......1....43§§...
##....e......1ee§...
#............4.§§.. *
,*#........e....


You could see an Ice Fiend, a deep elf elementalist and 2 deep elf
demonologists.

Vanquished Creatures
  the Lernaean hydra (Swamp:4)
  Nikola (Swamp:4)
  Frances (Elf:1)
  Gastronok (D:8)
  4 thorn hunters
  Roxanne (Snake:2)
  7 nagarajas
  An orc warlord (D:11)
  3 deep elf sorcerers (Elf:3)
  Louise (Swamp:2)
  Aizul (Snake:1)
  A deep elf elementalist (Elf:3)
  3 deep elf demonologists
  A deep elf annihilator (Elf:1)
  A minotaur (Gauntlet)
  4 deep elf death magi
  Josephine (D:11)
  2 deep elf high priests (Elf:3)
  10 naga warriors
  18 hydras
  A shambling mangrove (Swamp:3)
  A catoblepas (Lair:6)
  6 anacondas
  3 ghost crabs
  7 two-headed ogres
  13 alligators
  An ogre mage (Volcano)
  23 dancing weapons
  A hell knight (Volcano)
  Urug (D:11)
  4 death yaks (Lair:6)
  11 naga sharpshooters
  8 shock serpents
  14 deep elf knights
  Sonja (Lair:1)
  Nergalle (D:11)
  A soul eater (Gauntlet)
  3 salamander mystics
  An unseen horror (D:11)
  7 swamp dragons
  3 sea snakes (Snake:1)
  2 spriggan druids
  4 deep elf archers
  8 naga ritualists
  2 orc knights (Orc:2)
  A harpy (shapeshifter) (Elf:2)
  39 deep elf magi
  5 mana vipers
  An oklob plant (Gauntlet)
  A manticore (D:12)
  3 cyclopes
  10 salamanders
  An elephant (shapeshifter) (Elf:1)
  3 guardian serpents (Snake:3)
  23 naga magi
  9 elephants
  A torpor snail (Lair:6)
  44 black mambas
  Maurice (D:11)
  2 rust devils (Gauntlet)
  A centaur skeleton (D:10)
  16 spiny frogs
  A rime drake (Lair:4)
  Maggie (D:9)
  A minotaur zombie (Gauntlet)
  4 komodo dragons
  12 polar bears
  3 trolls
  16 tyrant leeches
  14 hornets
  Prince Ribbit (D:7)
  18 slime creatures
  8 bog bodies
  4 hippogriffs
  A dream sheep (Lair:6)
  7 blink frogs
  3 air elementals
  17 spriggans
  2 ynoxinuls (Gauntlet)
  2 shadows
  39 yaks
  4 wraiths
  3 fire elementals
  Grum (D:8)
  2 wyverns
  A basilisk (Lair:4)
  19 vampire mosquitoes
  19 insubstantial wisps
  4 wargs (D:11)
  34 nagas
  A soldier ant (D:11)
  13 swamp worms
  Duvessa (D:4)
  2 acid dragons (Gauntlet)
  8 water moccasins
  6 porcupines
  36 orc warriors
  16 swamp drakes
  5 ice beasts
  A phantom (D:10)
  7 sky beasts
  6 black bears
  A necrophage (D:10)
  An eye of draining (D:12)
  16 ogres
  5 boggarts (Lair:6)
  25 wolves
  18 centaurs
  14 crocodiles
  12 bullfrogs
  An earth elemental (Elf:1)
  Dowan (D:4)
  5 scorpions
  8 killer bees
  4 howler monkeys
  4 wights (D:7)
  3 electric eels
  4 crimson imps
  2 centaur zombies
  5 hounds
  A quasit (D:8)
  17 orc priests
  A bullfrog zombie (D:9)
  2 jellies (D:12)
  A gnoll shaman (D:6)
  21 orc wizards
  5 iron imps (Gauntlet)
  7 worker ants
  3 bullfrog skeletons
  3 iguanas
  2 merfolk sirens (Sewer)
  4 hell rats (Lair:6)
  A merfolk avatar (Sewer)
  14 gnolls
  2 howler monkey skeletons
  14 adders
  2 river rats (Sewer)
  7 shadow imps
  An adder zombie (D:9)
  5 worms
  2 dart slugs
  8 leopard geckos
  75 orcs
  4 ball pythons
  6 bats
  6 giant cockroaches
  9 goblins
  2 hobgoblins
  8 kobolds
  7 quokkas
  9 frilled lizards
  A jackal skeleton (D:8)
  26 rats
  A briar patch (Swamp:2)
1100 creatures vanquished.

Vanquished Creatures (others)
  A hydra (Swamp:4)
  A naga sharpshooter (Snake:4)
  A hornet (Swamp:3)
  A spriggan (Swamp:3)
  A naga (Snake:3)
  An insubstantial wisp (Swamp:3)
  A swamp drake (Swamp:3)
  An orc (Orc:2)
  5 briar patches
  A fungus (Gauntlet)
  A plant (Lair:6)
  12 toadstools (D:2)
27 creatures vanquished.

Grand Total: 1127 creatures vanquished

Notes
Turn   | Place    | Note
-------+----------+-------------------------------------------
     0 | D:1      | ReteAZ the Merfolk Gladiator began the quest for the Orb.
     0 | D:1      | Reached XP level 1. HP: 16/16 MP: 1/1
   145 | D:1      | Reached skill level 5 in Polearms
   145 | D:1      | Reached XP level 2. HP: 22/22 MP: 2/2
   288 | D:1      | Reached skill level 1 in Shields
   746 | D:2      | Reached XP level 3. HP: 27/27 MP: 3/3
  1419 | D:2      | Reached XP level 4. HP: 21/33 MP: 4/4
  2229 | D:2      | Found a shadowy altar of Dithmenos,
  2359 | D:2      | Found a blossoming altar of Fedhas,
  2377 | D:2      | Noticed an oklob plant
  2777 | D:3      | Found a transporter,
  2813 | D:3      | Reached XP level 5. HP: 26/38 MP: 5/5
  2840 | D:3      | Noticed Duffy's ghost (weakling NaGl)
  3010 | D:3      | Found a transporter,
  3127 | D:3      | Found a glowing drain,
  3167 | Sewer    | Entered a sewer
  3317 | Sewer    | Reached XP level 6. HP: 41/44 MP: 6/6
  4537 | D:4      | Reached XP level 7. HP: 46/50 MP: 7/7
  4618 | D:4      | Reached skill level 10 in Polearms
  4746 | D:4      | Found a glowing silver altar of Zin,
  4747 | D:4      | Noticed an angel
  4980 | D:4      | Noticed Duvessa
  4980 | D:4      | Noticed Dowan
  5012 | D:4      | Killed Duvessa
  5012 | D:4      | Reached XP level 8. HP: 55/57 MP: 8/8
  5026 | D:4      | Killed Dowan
  5249 | D:5      | Entered Level 5 of the Dungeon
  5293 | D:5      | Found a shimmering altar of Xom,
  5342 | D:5      | Found a burning altar of Makhleb,
  5394 | D:5      | Reached skill level 3 in Fighting
  5504 | D:5      | Reached skill level 5 in Dodging
  5582 | D:5      | Found Eeriqof's Eclectic Emporium,
  5591 | D:5      | Bought a +2 ring of evasion for 120 gold pieces
  5591 | D:5      | Bought a scroll of enchant armour for 90 gold pieces
  5598 | D:5      | Found a staircase to the Ecumenical Temple,
  5781 | Temple   | Entered the Ecumenical Temple
  5989 | Temple   | Became a worshipper of Ashenzari the Shackled
  6088 | D:5      | Reached skill level 4 in Fighting
  6497 | D:6      | Reached skill level 5 in Fighting
  6592 | D:6      | Reached XP level 9. HP: 59/68 MP: 9/9
  6618 | D:6      | Got the cursed cloak "Mohullul" {rF+ rC+ Regen+}
  6624 | D:6      | Identified the cursed +0 cloak "Mohullul" {rF+ rC+ Regen+}
                  | (You found it on level 6 of the Dungeon)
  6669 | D:6      | Found a hide-covered altar of Uskayaw,
  6683 | D:6      | Found a stormy altar of Qazlal,
  6683 | D:6      | Found a hazy altar of Hepliaklqana,
  6683 | D:6      | Found a shimmering blue altar of Sif Muna,
  6687 | D:6      | Found a snail-covered altar of Cheibriados,
  6821 | D:6      | Reached skill level 6 in Fighting
  6985 | D:7      | Found a runed translucent door,
  6987 | D:7      | Noticed a sixfirhy
  7268 | D:7      | Reached skill level 7 in Fighting
  7277 | D:7      | Noticed Prince Ribbit
  7286 | D:7      | Killed Prince Ribbit
  7371 | D:7      | Found a runed translucent door,
  7372 | D:7      | Noticed Crazy Yiuf
  7544 | D:7      | Found a white marble altar of Elyvilon,
  7675 | D:7      | Found a basalt altar of Yredelemnul,
  7966 | D:8      | Noticed Gastronok
  7982 | D:8      | Reached skill level 1 in Evocations
  8030 | D:8      | Killed Gastronok
  8030 | D:8      | Reached skill level 8 in Fighting
  8030 | D:8      | Reached skill level 10 in Dodging
  8030 | D:8      | Reached XP level 10. HP: 63/82 MP: 9/12
  8130 | D:8      | Reached * piety under Ashenzari
  8238 | D:8      | Reached skill level 9 in Fighting
  8339 | D:8      | Noticed Grum
  8384 | D:8      | Reached skill level 5 in Evocations
  8471 | D:8      | Killed Grum
  9109 | D:9      | Noticed Maggie
  9136 | D:9      | Killed Maggie
  9136 | D:9      | Reached skill level 1 in Armour
  9554 | D:9      | Noticed a cyclops
  9583 | D:9      | Killed a cyclops
  9583 | D:9      | Reached XP level 11. HP: 73/90 MP: 15/15
  9830 | D:10     | Entered Level 10 of the Dungeon
  9866 | D:10     | Found a shimmering altar of Xom,
  9867 | D:10     | Noticed an oklob plant
  9869 | D:10     | Reached ** piety under Ashenzari
  9910 | D:10     | Reached skill level 10 in Fighting
 10644 | D:10     | Noticed a two-headed ogre
 10671 | D:10     | Killed a two-headed ogre
 11079 | D:11     | Killed an unseen horror
 11079 | D:11     | Reached skill level 11 in Fighting
 11090 | D:11     | Noticed a cyclops
 11102 | D:11     | Noticed Nergalle
 11112 | D:11     | Killed a cyclops
 11133 | D:11     | Killed Nergalle
 11160 | D:11     | Noticed Maurice
 11198 | D:11     | Killed Maurice
 11198 | D:11     | Reached skill level 5 in Armour
 11263 | D:11     | Found a staircase to the Lair,
 11305 | D:11     | Noticed Urug
 11533 | D:11     | Found a staircase to the Orcish Mines,
 11540 | D:11     | Noticed Josephine
 11571 | D:10     | Reached skill level 12 in Fighting
 11847 | D:11     | Identified the +1 robe "Piarch" {*Contam rElec rPois Str+7}
 11874 | D:11     | Reached XP level 12. HP: 92/102 MP: 16/16
 11955 | D:11     | Killed Josephine
 11955 | D:11     | Reached skill level 5 in Shields
 12085 | Orc:1    | Entered Level 1 of the Orcish Mines
 12167 | D:11     | Killed Urug
 12229 | Lair:1   | Entered Level 1 of the Lair of Beasts
 12243 | Lair:1   | Noticed Sonja
 12248 | Lair:1   | Killed Sonja
 12518 | Lair:1   | Reached skill level 5 in Throwing
 12763 | Lair:1   | Reached *** piety under Ashenzari
 13394 | Lair:2   | Reached **** piety under Ashenzari
 13754 | Lair:2   | Found a staircase to the Swamp,
 14085 | Lair:3   | Found a dark tunnel,
 14107 | Volcano  | Entered a volcano
 14134 | Volcano  | Noticed a two-headed ogre
 14144 | Volcano  | Killed a two-headed ogre
 14161 | Volcano  | Noticed a hell knight
 14190 | Volcano  | Killed a hell knight
 14198 | Volcano  | Noticed a two-headed ogre
 14217 | Volcano  | Killed a two-headed ogre
 14217 | Volcano  | Reached XP level 13. HP: 108/108 MP: 17/17
 14261 | Volcano  | Got the cursed pair of gloves "Syemnug" {rPois}
 14267 | Volcano  | Identified the cursed +0 pair of gloves "Syemnug" {rPois}
                  | (You found it in a volcano)
 14510 | Volcano  | Reached skill level 15 in Dodging
 15121 | Lair:3   | Found a staircase to the Snake Pit,
 15756 | Lair:4   | Reached ***** piety under Ashenzari
 16848 | Lair:5   | Reached skill level 13 in Fighting
 17309 | Lair:6   | Entered Level 6 of the Lair of Beasts
 17313 | Lair:6   | Identified a scroll of acquirement
 17459 | Lair:6   | Reached skill level 14 in Fighting
 17527 | Lair:6   | Reached XP level 14. HP: 104/121 MP: 18/18
 17785 | Lair:6   | Reached skill level 15 in Fighting
 18318 | Lair:6   | Reached skill level 16 in Fighting
 18404 | Lair:6   | Reached ****** piety under Ashenzari
 18869 | Orc:1    | Noticed an orc warlord
 19325 | D:12     | Identified the cursed +0 pair of boots "Pupuz" {rF+ MR+
                  | Str+5 Dex-4}
 19420 | D:12     | Identified the +9 quarterstaff "Wonikh" {freeze, rElec rF+
                  | Int+2}
 19815 | D:11     | Killed an orc warlord
 19940 | Orc:1    | Found a roughly hewn altar of Beogh,
 20281 | Orc:2    | Entered Level 2 of the Orcish Mines
 20281 | Orc:2    | Found a staircase to the Elven Halls,
 20367 | Orc:2    | Found a gate leading to a gauntlet,
 20416 | Gauntlet | Entered a Gauntlet
 20416 | Gauntlet | Found a transporter,
 20416 | Gauntlet | Found a transporter,
 20417 | Gauntlet | Found a transporter,
 20420 | Gauntlet | Found a transporter,
 20420 | Gauntlet | Found a transporter,
 20432 | Gauntlet | Found a transporter,
 20496 | Gauntlet | Found a transporter,
 20508 | Gauntlet | Found a transporter,
 20522 | Gauntlet | Found a transporter,
 20532 | Gauntlet | Found a transporter,
 20547 | Gauntlet | Found a transporter,
 20553 | Gauntlet | Found a transporter,
 20715 | Gauntlet | Noticed an acid blob
 20717 | Gauntlet | Noticed an iron giant
 20717 | Gauntlet | an acid blob changed into an iron giant
 21015 | Gauntlet | Identified the ring of Xauph {rElec rN+ MP+9 Str-3 Dex+2}
 21405 | Orc:2    | Reached XP level 15. HP: 131/131 MP: 19/19
 21825 | Orc:2    | Found Nudijaut's Armour Emporium,
 21826 | Orc:2    | Found Waatrui's Food Shop,
 21826 | Orc:2    | Found Zorips's Magic Scroll Shoppe,
 21829 | Orc:2    | Found Nineidiw's Distillery,
 21841 | Orc:2    | Bought a scroll of remove curse for 51 gold pieces
 21841 | Orc:2    | Bought a scroll of teleportation for 51 gold pieces
 21841 | Orc:2    | Bought a scroll of identify for 34 gold pieces
 22169 | Snake:1  | Entered Level 1 of the Snake Pit
 22342 | Snake:1  | Noticed Aizul
 22370 | Snake:1  | Killed Aizul
 23023 | Snake:2  | Noticed Roxanne
 23059 | Snake:2  | Killed Roxanne
 24134 | Snake:2  | Upgraded the game from 0.25-a0-696-g42a9e46d90 to
                  | 0.25-a0-697-g890751e744
 24288 | Snake:3  | Found a sparkling altar of Nemelex Xobeh,
 24331 | Snake:3  | Reached skill level 17 in Fighting
 24471 | Snake:3  | Reached XP level 16. HP: 141/141 MP: 20/20
 24548 | Snake:3  | Noticed a nagaraja
 24556 | Snake:3  | Noticed a nagaraja
 24574 | Snake:3  | Killed a nagaraja
 24578 | Snake:3  | Killed a nagaraja
 24822 | Snake:3  | Found Iripnial's Weapon Shoppe,
 25338 | Swamp:1  | Entered Level 1 of the Swamp
 25779 | Swamp:1  | Reached skill level 18 in Fighting
 26539 | Swamp:2  | Noticed Louise
 26548 | Swamp:2  | Killed Louise
 26608 | Swamp:2  | Noticed a thorn hunter
 26632 | Swamp:2  | Noticed a thorn hunter
 26710 | Swamp:2  | Killed a thorn hunter
 26972 | Swamp:2  | Killed a thorn hunter
 27490 | Swamp:3  | Identified the +2 robe of the Empire {Dex+3}
 27586 | Swamp:3  | Noticed a thorn hunter
 27595 | Swamp:3  | Killed a thorn hunter
 27819 | Swamp:3  | Reached skill level 10 in Throwing
 28091 | Swamp:3  | Reached XP level 17. HP: 142/151 MP: 21/21
 28178 | Swamp:3  | Reached skill level 19 in Fighting
 28452 | Swamp:4  | Entered Level 4 of the Swamp
 28471 | Swamp:4  | Noticed Nikola
 29050 | Swamp:4  | Killed Nikola
 29621 | Swamp:4  | Noticed the 27-headed Lernaean hydra
 29631 | Swamp:4  | Killed the 21-headed Lernaean hydra
 29851 | Swamp:4  | Got a decaying rune of Zot
 30334 | Snake:4  | Entered Level 4 of the Snake Pit
 30572 | Snake:3  | Reached skill level 20 in Fighting
 30898 | Snake:4  | Identified the +4 ring mail of the Three of Swords {rF+}
 31317 | Snake:4  | Reached XP level 18. HP: 127/162 MP: 22/22
 32692 | Snake:4  | Reached skill level 15 in Throwing
 33065 | Snake:4  | Got a serpentine rune of Zot
 33305 | Elf:1    | Entered Level 1 of the Elven Halls
 33373 | Elf:1    | Noticed Frances
 33408 | Elf:1    | Killed Frances
 34509 | Elf:2    | Found a runed translucent gate,
 34512 | Elf:2    | Found a runed translucent gate,
 34513 | Elf:2    | Found a runed translucent gate,
 34751 | Elf:2    | Reached XP level 19. HP: 151/170 MP: 23/23
 34805 | Elf:2    | Found Ziewk's Jewellery Shop,
 35877 | Elf:3    | Entered Level 3 of the Elven Halls
 36898 | Elf:3    | Reached skill level 15 in Polearms
 37014 | Elf:3    | Identified the ring "Muvyfuip" {+Fly rC- Str+4 Dex+3}
 37181 | Elf:3    | Noticed a Tzitzimitl
 37182 | Elf:3    | Reached skill level 21 in Fighting
 37201 | Elf:3    | Noticed an Ice Fiend
 37202 | Elf:3    | Noticed a Hell Sentinel
 37205 | Elf:3    | Noticed a Brimstone Fiend
 37210 | Elf:3    | Killed from afar by an Ice Fiend

Levels and vault maps discovered:
D:1:      eino_arrival_cavern_a, layout_loops_ring
D:2:      layout_basic, marbit_many_paths, tgw_fedhas, first_ration
D:3:      layout_loops_cross, portal_sewer_entry_c, gammafunk_ghost_stat_death,
          minmay_crystal_room, roderic_roman_lattice
D:4:      layout_basic, zin_angel, uniq_duvessa
D:5:      layout_rooms, kennysheep_little_box, old_standard_altar,
          minmay_temple_entry_proselytizer, serial_glass, glass_columns_b,
          glass_columns_a, nicolae_alphabet_shops
D:6:      layout_loops_ring, minitemple
D:7:      cheibrodos_shockbox, layout_basic, kennysheep_ying_yang,
          uniq_prince_ribbit1, uniq_crazy_yiuf_cottage
D:8:      layout_loops_corners, grunt_ogre_cave, uniq_grum, uniq_gastronok
D:9:      lemuel_upstairs_altar, layout_irregular_city, uniq_maggie
D:10:     layout_basic, lemuel_oklob_altar
D:11:     layout_rooms, erik_lair_orcish_takeover, erik_orc_4, uniq_josephine,
          uniq_maurice, uniq_nergalle, uniq_urug
D:12:     layout_basic
Temple:   jpeg_temple_alley_garden
Lair:1:   layout_loops_ring, uniq_sonja
Lair:2:   layout_hall_layers, nicolae_swamp_entry_splash_gauntlet, st_stairs_3,
          lemuel_fruit_tree, infiniplex_staircase_pool, lemuel_fruit_fields
Lair:3:   layout_cave_pods, guppyfry_snake_entry_island,
          nicolae_volcano_entry_hallway, eino_small_chamber_without_monster,
          beast_lair_carwin_5, grunt_megastairs_1
Lair:4:   layout_cave_pods
Lair:5:   layout_regular_city, minmay_slime_entry_oklob_enclosed,
          beast_lair_carwin_8
Lair:6:   minmay_lair_end_enchanted_forest, layout_gridlike
Swamp:1:  layout_falls_marsh, nicolae_swamp_trees_clearing, swamp_pool1,
          nicolae_swamp_very_dense_foliage
Swamp:2:  layout_basic_swamp, evilmike_swamp_ruin_house_2, swamp_pool1,
          uniq_louise
Swamp:3:  layout_basic_swamp, hangedman_swamp_diagram
Swamp:4:  swamp_old_school, layout_basic_swamp, swamp_pool5, uniq_nikola
Snake:1:  layout_cave_shapes, grunt_megastairs_3, serial_bayou_shore_a,
          uniq_aizul
Snake:2:  layout_grid_maze, uniq_roxanne
Snake:3:  layout_rooms, serial_shops, shop, basic_altar
Snake:4:  snake_pit, layout_cave_town
Orc:1:    layout_caves, basic_altar
Orc:2:    st_orc_rangers, layout_caves, gauntlet_entry_generic
Elf:1:    elf_arrival_001, layout_onion_city, uniq_frances
Elf:2:    layout_rooms, serial_glass, glass_columns_b, glass_columns_b,
          serial_shops, shop
Elf:3:    minmay_elf_hall_hex, layout_geoelf_castle

Skill      XL: |  1  2  3  4  5  6  7  8  9 10 11 12 13 14 15 16 17 18 19 |
---------------+----------------------------------------------------------+-----
Polearms       | 5 6 7 8 9 11 12 13 14 15 | 15.5
Shields        | 1 2 3 4 6 |  6.5
Fighting       | 5 8 9 12 14 16 17 18 20 21 | 21.0
Dodging        | 7 10 14 15 17 18 19 | 19.5
Evocations     | 3 6 |  6.0
Armour         | 2 5 6 7 |  7.0
Throwing       | 6 10 13 16 | 16.0

Action                   |  1- 3 |  4- 6 |  7- 9 | 10-12 | 13-15 | 16-18 | 19-21 || total
-------------------------+-------+-------+-------+-------+-------+-------+-------++-------
Melee: Trident           |    80 |    14 |       |       |       |       |       ||    94
       Spear             |       |   237 |   487 |  1328 |   333 |       |       ||  2385
       Tailslap          |       |     1 |       |     1 |     1 |    60 |       ||    63
       Halberd           |       |       |       |       |  1532 |  1831 |   320 ||  3683
Throw: Throwing net      |       |     3 |     2 |     5 |       |       |       ||    10
       Dart              |       |    10 |    17 |    35 |     6 |     2 |       ||    70
       Javelin           |       |       |       |       |    14 |     7 |    10 ||    31
Invok: Curse Item        |       |       |     1 |     5 |     1 |       |       ||     7
Evoke: Wand              |       |       |       |     6 |     4 |    14 |       ||    24
  Use: Scroll            |       |     1 |     2 |     4 |    28 |     5 |    10 ||    50
       Potion            |       |       |       |       |     3 |     1 |     3 ||     7
 Stab: Distracted        |     1 |       |       |       |       |     2 |       ||     3
       Held in net/web   |       |     4 |       |     4 |       |       |       ||     8
       Sleeping          |       |     2 |     1 |       |     1 |       |       ||     4
  Eat: Chunk             |     2 |     9 |    11 |    22 |    30 |    19 |     4 ||    97
       Ration            |       |       |       |       |     2 |     5 |     1 ||     8
Armor: Leather armour    |    10 |     2 |       |       |       |       |       ||    12
       Ring mail         |       |     9 |    54 |   145 |   279 |   327 |    51 ||   865
Dodge: Dodged            |    24 |    41 |   154 |   514 |  1456 |  1387 |   190 ||  3766
Block: Buckler           |    12 |    24 |    69 |   178 |    57 |       |       ||   340
       Other             |       |       |       |       |   158 |   214 |    27 ||   399
       Reflection        |       |       |       |       |    18 |    18 |       ||    36

Table legend:
 A = Non-vault XP
 B = Vault XP
 C = Vault XP percentage of total XP
 D = Non-vault monster count
 E = Vault monster count
 F = Vault count percentage of total count
                 A         B        C        D         E       F
            +---------+---------+-------+---------+---------+-------
      Total |  221818 |  135088 |  37.8 |     769 |     335 |  30.3
            +---------+---------+-------+---------+---------+-------
        D:1 |      59 |       0 |   0.0 |      16 |       0 |   0.0
        D:2 |      93 |       3 |   3.1 |      19 |       1 |   5.0
        D:3 |      93 |       7 |   7.0 |      24 |       5 |  17.2
        D:4 |     708 |     231 |  24.6 |      20 |       2 |   9.1
        D:5 |     547 |      43 |   7.3 |      11 |       1 |   8.3
        D:6 |     805 |       0 |   0.0 |      15 |       0 |   0.0
        D:7 |     985 |     274 |  21.8 |      21 |       1 |   4.5
        D:8 |    1003 |    2802 |  73.6 |      20 |       7 |  25.9
        D:9 |    1305 |     376 |  22.4 |      19 |       1 |   5.0
       D:10 |    4147 |     656 |  13.7 |      29 |       8 |  21.6
       D:11 |    5471 |    4336 |  44.2 |      25 |      24 |  49.0
       D:12 |    3559 |       0 |   0.0 |      26 |       0 |   0.0
     Lair:1 |    3040 |     795 |  20.7 |      17 |       1 |   5.6
     Lair:2 |    2921 |     921 |  24.0 |      15 |       5 |  25.0
     Lair:3 |    6713 |     468 |   6.5 |      32 |       5 |  13.5
     Lair:4 |    1119 |       0 |   0.0 |       6 |       0 |   0.0
     Lair:5 |    3539 |    2153 |  37.8 |      12 |       7 |  36.8
     Lair:6 |   12377 |    8878 |  41.8 |      39 |      44 |  53.0
    Swamp:1 |   13387 |       0 |   0.0 |      34 |       0 |   0.0
    Swamp:2 |    9871 |    1658 |  14.4 |      20 |       1 |   4.8
    Swamp:3 |   23699 |     940 |   3.8 |      63 |       1 |   1.6
    Swamp:4 |   14497 |   22813 |  61.1 |      37 |      26 |  41.3
    Snake:1 |   11297 |    1882 |  14.3 |      23 |       3 |  11.5
    Snake:2 |   15381 |    1889 |  10.9 |      26 |       1 |   3.7
    Snake:3 |   21436 |       0 |   0.0 |      38 |       0 |   0.0
    Snake:4 |   23782 |   26953 |  53.1 |      46 |      40 |  46.5
      Orc:1 |    1417 |       0 |   0.0 |      25 |       0 |   0.0
      Orc:2 |    1486 |    5130 |  77.5 |      32 |      41 |  56.2
      Elf:1 |   18814 |    3895 |  17.2 |      31 |       4 |  11.4
      Elf:2 |   14627 |   23000 |  61.1 |      22 |      30 |  57.7
      Elf:3 |    3640 |   13842 |  79.2 |       6 |      11 |  64.7
      Sewer |       0 |     204 | 100.0 |       0 |      39 | 100.0
    Volcano |       0 |    6189 | 100.0 |       0 |       7 | 100.0
   Gauntlet |       0 |    4750 | 100.0 |       0 |      19 | 100.0
            +---------+---------+-------+---------+---------+-------
